cohdb
Replays
Latest Replays
All Replays
Popular Replays
Top Player Replays
Match Explorer
How It Works
Community
CoH3 Stats
Reddit
Sign in to upload your games and track your stats! →
Sign in with Steam
Match 43700935
Unlisted
Match 43700935
Overview
Messages
Build Orders
End
250 Light Carrier
Selects Panzerjäger Kommand Battlegroup
Selects Mine Fields
Panzergrenadier Squad
250 Light Carrier
Construct Light Support Kompanie
MG34 Team
2.5-tonne Medical Truck
Selects Tank Busters
Fire Support Elements
Flakvierling Half-track
Panzerjäger Mechanized Group
Construct Mechanized Kompanie
18-tonne Recovery Half-track
Selects Defensive Positions
StuG III D Assault Gun
Panzergrenadier Squad
Advanced Field Repairs
Forward Retreat Point
Selects Crew Shock Tactics
Selects Butterfly Bomb Drop
2.5-tonne Medical Truck
Veteran Squad Leaders
Butterfly Bomb Drop
Construct Panzerarmee Kommand
Butterfly Bomb Drop
Walking Stuka Rocket Launcher
Selects Crew Shock Tactics
rotar2002
cuernosoft
eskalon
北风
easyv
Ambro
admiral_gnar
can can need new new
0
0
Comments
sign in to comment!
No comments posted yet!